AoeStats
← MrSummertime

Yucatan

511589054Analyzed
3v3 RM · 12d ago on Oct 5, 2026· 88m 44s· 6 players
Game mode
Random Map
Map size
Normal (6 player)
Population
200
Speed
Normal
Resources
Standard
Victory
Conquest
Starting age
Dark Age
Ending age
Imperial Age
RankedLock teamsTeams togetherTeam positionsShared explorationLock speedFull tech treeHidden civsTurbo modeCheats
Victory
Defeat
🇬🇷 Celts · Greece
670
+19
🇰🇿 Britons · Kazakhstan
645
+20
🇬🇷 Franks · Greece
642
+20
vs
🇧🇪 Saxons · Belgium
740
-20
🇧🇪 Vikings · Belgium
734
-21
🇧🇪 Varangians · Belgium
697
-18
Elentin
14:11 Feudal Age
15:32 Loom
19:15 Castle Age
18:28 Double-Bit Axe
24:19 Stone Mining
24:23 Gold Mining
24:48 Horse Collar
29:04 Bow Saw
28:57 Heavy Plow
33:47 Imperial Age
32:55 Ballistics
32:31 Murder Holes
33:39 Stronghold
33:41 Gambesons
33:43 Pikeman
34:40 Forging
34:21 Fletching
34:32 Halberdier
34:53 Capped Ram
36:33 Conscription
39:40 Chemistry
39:19 Iron Casting
40:28 Hoardings
42:27 Furor Celtica
43:43 Wheelbarrow
42:57 Town Watch
43:23 Siege Engineers
44:43 Bodkin Arrow
45:49 Blast Furnace
44:53 Scale Mail Armor
44:23 Heavy Scorpion
49:50 Blast Furnace
49:06 Chain Mail Armor
48:53 Padded Archer Armor
51:30 Elite Woad Raider
53:29 Siege Ram
57:25 Plate Mail Armor
57:01 Scale Barding Armor
57:12 Leather Archer Armor
70:03 Gold Shaft Mining
70:04 Stone Shaft Mining
69:18 Arson
72:21 Arrowslits
73:08 Ring Archer Armor
72:59 Chain Barding Armor
72:52 Fervor
72:16 Sappers
73:04 Hand Cart
72:53 Town Patrol
82:05 Devotion
82:18 Masonry
Pawel
13:51 Feudal Age
14:16 Horse Collar
14:23 Double-Bit Axe
15:17 Wheelbarrow
14:34 Stone Mining
14:35 Gold Mining
28:10 Castle Age
26:54 Man-at-Arms
29:21 Gambesons
29:41 Scale Mail Armor
32:25 Bow Saw
32:21 Heavy Plow
33:26 Hand Cart
33:21 Long Swordsman
36:30 Murder Holes
43:27 Imperial Age
42:29 Chain Mail Armor
42:25 Forging
42:06 Fletching
42:16 Padded Archer Armor
43:09 Gold Shaft Mining
43:53 Two-Handed Swordsman
45:18 Elite Longbowman
45:44 Champion
54:40 Leather Archer Armor
54:56 Plate Mail Armor
55:01 Iron Casting
54:22 Bodkin Arrow
56:37 Pikeman
60:50 Halberdier
66:00 Ring Archer Armor
66:31 Blast Furnace
65:32 Bracer
NaVaRxOs
14:06 Feudal Age
15:39 Wheelbarrow
14:54 Double-Bit Axe
15:56 Town Watch
26:33 Castle Age
27:43 Hand Cart
27:41 Bow Saw
32:34 Caravan
37:28 Forging
37:24 Scale Barding Armor
37:20 Scale Mail Armor
37:11 Fletching
37:02 Pikeman
37:28 Gambesons
37:43 Squires
37:29 Arson
39:39 Stone Mining
39:43 Gold Mining
42:34 Imperial Age
39:59 Treadmill Crane
40:29 Fortified Wall
40:32 Masonry
41:18 Husbandry
40:38 Light Cavalry
43:26 Town Patrol
46:35 Iron Casting
46:21 Chain Barding Armor
46:18 Chain Mail Armor
45:59 Bodkin Arrow
46:05 Padded Archer Armor
46:31 Conscription
47:04 Gold Shaft Mining
45:53 Cavalier
47:58 Heavy Scorpion
48:35 Capped Ram
50:25 Chemistry
49:47 Ballistics
49:58 Architecture
49:25 Murder Holes
49:18 Arrowslits
50:09 Chivalry
50:53 Halberdier
51:30 Elite Throwing Axeman
52:13 Ordonnance Companies
54:45 Paladin
56:04 Plate Barding Armor
56:30 Blast Furnace
56:17 Plate Mail Armor
66:03 Leather Archer Armor
WonderbraM
0:29 Loom
12:08 Feudal Age
14:19 Wheelbarrow
14:06 Double-Bit Axe
13:58 Man-at-Arms
18:49 Gold Mining
23:51 Castle Age
21:55 Stone Mining
23:59 Pikeman
27:33 Gambesons
29:23 Bloodlines
29:03 Gambesons
29:32 Scale Mail Armor
31:57 Gold Shaft Mining
31:35 Bow Saw
31:15 Horse Collar
34:12 Heavy Plow
34:29 Murder Holes
34:58 Fishing Lines
36:17 Hand Cart
40:01 Imperial Age
38:04 Long Swordsman
38:46 Town Watch
40:52 Forging
40:57 Chain Mail Armor
40:34 Fletching
41:12 Ballistics
41:21 Conscription
42:49 Iron Casting
42:13 Fletching
42:59 Plate Mail Armor
42:36 Two-Handed Swordsman
43:05 Arson
45:52 Chemistry
45:02 Siege Engineers
45:07 Squires
45:31 Shield Wall
47:11 Cavalier
48:09 Scale Barding Armor
50:32 Champion
51:23 Husbandry
56:25 Two-Man Saw
56:02 Crop Rotation
55:58 Chain Barding Armor
55:07 Capped Ram
56:25 Caravan
57:15 Halberdier
57:21 Elite Hearth Troop
57:29 Siege Ram
62:18 Bodkin Arrow
62:30 Onager
63:47 Elite Varangian Guard
63:48 Halberdier
66:05 Elite Longship
66:36 Gillnets
Amoe(BE)
14:40 Feudal Age
15:16 Double-Bit Axe
15:00 Man-at-Arms
19:21 Bloodlines
22:46 Wheelbarrow
22:28 Horse Collar
24:09 Scale Barding Armor
24:04 Scale Mail Armor
26:07 Castle Age
26:29 Light Cavalry
27:11 Husbandry
27:49 Forging
28:12 Bow Saw
27:57 Stone Mining
28:00 Gold Mining
30:18 Pikeman
30:58 Squires
30:45 Gambesons
30:20 Long Swordsman
31:28 Chain Barding Armor
31:44 Iron Casting
32:56 Hand Cart
33:16 Fletching
34:14 Arson
34:40 Town Watch
36:40 Murder Holes
36:56 Fortified Wall
36:37 Guard Tower
37:08 Ballistics
39:17 Vendel Legacy
42:32 Imperial Age
43:29 Town Watch
44:33 Conscription
45:03 Cavalier
46:27 Hussar
48:19 Chemistry
47:56 Town Patrol
47:51 Gothikon
49:39 Two-Man Saw
49:52 Blast Furnace
51:34 Elite Jarl
54:29 Caravan
55:12 Plate Barding Armor
58:51 Bodkin Arrow
59:13 Chain Mail Armor
65:07 Halberdier
65:08 Elite Varangian Guard
71:44 Bracer
MrSummertime
9:36 Loom
12:43 Feudal Age
13:45 Double-Bit Axe
18:08 Horse Collar
20:46 Castle Age
19:16 Horse Collar
21:08 Forging
20:58 Scale Mail Armor
24:33 Pikeman
25:41 Bow Saw
26:38 Iron Casting
26:19 Chain Mail Armor
25:56 Fletching
27:07 Arson
28:29 Squires
29:32 Town Watch
33:06 Bodkin Arrow
33:25 Murder Holes
45:16 Imperial Age
45:04 Heavy Plow
50:46 Elite Berserk
51:52 Onager
55:11 Capped Ram
56:23 Elite Varangian Guard
58:28 Bogsveigar
66:04 Two-Man Saw
72:54 Siege Ram
Connection lost

Rejoining the realm…

Still unreachable

The connection could not be restored.

Session expired

The server has moved on; the page needs a fresh start.